 Dungeon Crawl Stone Soup version 0.26.1-11-gd32895ea62 (webtiles) character file.

Game seed: 16600368826643003884

2780 Zeld the Basher (level 9, -1/75 HPs)
             Began as a Grey Draconian Gladiator on June 13, 2021.
             Was a Believer of Qazlal.
             Slain by an orc warrior
             ... wielding a +0 halberd
              (8 damage)
             ... on level 8 of the Dungeon.
             The game lasted 00:14:11 (11256 turns).

Zeld the Basher (Grey Draconian Gladiator)         Turns: 11256, Time: 00:14:11

Health: -1/75      AC: 12    Str: 20    XL:     9   Next: 43%
Magic:  5/9        EV: 15    Int:  8    God:    Qazlal [**....]
Gold:   408        SH:  2    Dex: 13    Spells: 8/8 levels left

rFire    . . .     SeeInvis .   a - +0 flail
rCold    . . .     Faith    .   (no shield)
rNeg     . . .     Spirit   .   (armour unavailable)
rPois    .         Reflect  .   b - +0 hat
rElec    .         Harm     .   (no cloak)
rCorr    .         Rampage  .   (no gloves)
Will     .....                  (no boots)
Stlth    +.........             (no amulet)
HPRegen  0.22/turn              (no ring)
MPRegen  0.11/turn              (no ring)

@: no status effects
A: walk through water, unfitting armour, unbreathing, cold-blooded, AC +12
a: Renounce Religion, Upheaval


You were on level 8 of the Dungeon.
You worshipped Qazlal.
Qazlal was pleased with you.
You visited 2 branches of the dungeon, and saw 9 of its levels.
You also visited: Ossuary.

You collected 408 gold pieces.

Inventory:

Hand Weapons
 a - a +0 flail (weapon)
Missiles
 c - 2 throwing nets (quivered)
 d - 11 boomerangs
 g - 256 stones
 m - 35 poisoned darts
Armour
 b - a +0 hat (worn)
Jewellery
 n - a +4 ring of protection {unknown}
 u - a +6 ring of intelligence {unknown}
 y - an uncursed ring of fire {unknown}
 F - a +6 ring of intelligence {unknown}
Wands
 l - a wand of acid (5)
 v - a wand of paralysis (2)
Scrolls
 f - 3 scrolls of fear {unknown}
 h - 5 scrolls of teleportation {unknown}
 i - 3 scrolls of identify {unknown}
 j - 10 scrolls of remove curse {unknown}
 k - a scroll of amnesia {unknown}
 o - 4 scrolls of magic mapping {unknown}
 q - 4 scrolls of immolation {unknown}
 s - 2 scrolls of random uselessness {unknown}
 t - 2 scrolls of enchant armour {unknown}
 A - a scroll of brand weapon {unknown}
 B - a scroll of noise {unknown}
 D - a scroll of acquirement {unknown}
 H - a scroll of enchant weapon {unknown}
Potions
 e - 3 potions of heal wounds {unknown}
 p - 2 potions of degeneration {unknown}
 r - a potion of experience {unknown}
 w - 3 potions of flight {unknown}
 z - 2 potions of brilliance {unknown}
 C - a potion of cancellation {unknown}
 E - a potion of resistance {unknown}
 G - a potion of ambrosia {unknown}
Miscellaneous
 x - a lightning rod (inert)


   Skills:
 + Level 6.1 Fighting
 * Level 8.1 Maces & Flails
 * Level 7.1 Throwing
 + Level 5.5 Dodging


You had 8 spell levels left.
You didn't know any spells.
Your spell library contained the following spells:

 Spells                   Type           Power        Failure   Level
 Animate Skeleton         Necr           0%           41%         1
 Apportation              Tloc           0%           41%         1
 Corona                   Hex            0%           41%         1
 Pain                     Necr           0%           41%         1
 Summon Small Mammal      Summ           0%           41%         1
 Vampiric Draining        Necr           0%           78%         3
 Animate Dead             Necr           0%           99%         4
 Agony                    Necr           0%           100%        5


Dungeon Overview and Level Annotations

Branches:
Dungeon (8/15)             Temple (1/1) D:7         Ossuary (visited)
   Lair: D:8-11

Altars:
Ashenzari
Cheibriados
Dithmenos
Elyvilon
Fedhas
Gozag
Hepliaklqana
Kikubaaqudgha
Makhleb
Nemelex Xobeh
Okawaru
Qazlal
Ru
Sif Muna
Trog
Vehumet
Wu Jian
Xom
Yredelemnul
Zin
The Shining One


Innate Abilities, Weirdness & Mutations

You can walk through water.
Your dull iron-grey scales are very hard. (AC +12)
You cannot fit into any form of body armour.
You can survive without breathing.
You are cold-blooded and may be slowed by cold attacks.


Message History

The bolt of acid hits the wyvern.
The wyvern is splashed with acid.
The acid corrodes the wyvern!
The wyvern is severely wounded.
The orc warrior hits you with a +0 halberd.
* * * LOW HITPOINT WARNING * * *
The jackal barely misses you. The wyvern bites you!
* * * LOW HITPOINT WARNING * * *
Unknown command.
Unknown command.
Aiming: Paralyse
Press: ? - help, Shift-Dir - straight line
Okay, then.
Aiming: Thunderbolt
Press: ? - help, Shift-Dir - straight line The thunderbolt hits the wyvern!
You kill the wyvern!
Qazlal accepts your kill.
The lightning rod overheats!
The jackal misses you.
The orc warrior hits you with a +0 halberd!
You die...

####......#
###.....##'##
##.....###..#
##.....##.#..#
#......###.### .#
##.....##..#..# ..#
##......##..#..#
...###.......####†###
............###.@#..#
............# #oh#..#
...........###h##.###
..........##..# #.
#...<...###$.. ..
######### ### ##


You could see an orc warrior and 2 jackals.

Vanquished Creatures
  A wyvern (D:8)
  Eustachio (D:5)
  3 ice beasts
  An orc warrior (D:5)
  A sky beast (D:5)
  A black bear (D:7)
  2 phantoms (D:8)
  An ogre (D:4)
  A centaur (D:7)
  A big kobold (D:7)
  3 elf zombies (Ossuary)
  3 bullfrogs (D:7)
  A water moccasin zombie (D:6)
  2 scorpions (D:7)
  4 wights (D:7)
  2 hounds (D:7)
  A jelly (D:5)
  2 centaur skeletons (D:7)
  2 human zombies (Ossuary)
  6 orc wizards
  An iron imp (D:5)
  2 iguanas
  10 worker ants
  Ijyb (D:4)
  A statue (D:5)
  4 mummies (Ossuary)
  3 adders
  A howler monkey skeleton (D:7)
  A shadow imp (D:7)
  A white imp (D:7)
  An ooze (D:4)
  An adder zombie (D:6)
  An adder skeleton (D:7)
  2 worms
  2 dart slugs
  6 leopard geckos
  22 orcs
  5 bats
  2 giant cockroaches
  10 goblins
  3 hobgoblins (D:1)
  11 jackals
  6 kobolds
  3 quokkas
  A ball python (D:7)
  7 frilled lizards
  A giant cockroach zombie (D:5)
  A goblin zombie (Ossuary)
  A hobgoblin zombie (Ossuary)
  A jackal zombie (Ossuary)
  A kobold zombie (Ossuary)
  An orc zombie (Ossuary)
  A quokka zombie (D:7)
  4 rats
  2 rat zombies (Ossuary)
160 creatures vanquished.

Notes
Turn   | Place    | Note
-------+----------+-------------------------------------------
     0 | D:1      | Zeld the Draconian Gladiator began the quest for the Orb.
     0 | D:1      | Reached XP level 1. HP: 17/17 MP: 1/1
    97 | D:1      | Reached XP level 2. HP: 25/25 MP: 2/2
   717 | D:1      | Reached XP level 3. HP: 22/30 MP: 3/3
  1127 | D:2      | Found an iron altar of Okawaru.
  1146 | D:2      | HP: 1/30 [goblin/+0 spear (3)]
  1595 | D:2      | Found a glowing golden altar of the Shining One.
  1703 | D:2      | Found an opulent altar of Gozag.
  1705 | D:2      | Found a snail-covered altar of Cheibriados.
  1707 | D:2      | Found a stormy altar of Qazlal.
  1711 | D:2      | Became a worshipper of Qazlal Stormbringer
  1870 | D:2      | Found a white marble altar of Elyvilon.
  2137 | D:3      | Found a basalt altar of Yredelemnul.
  3159 | D:4      | Noticed Ijyb
  3166 | D:4      | Paralysed by Ijyb for 3 turns
  3171 | D:4      | Paralysed by Ijyb for 5 turns
  3177 | D:4      | Killed Ijyb
  3178 | D:4      | Reached XP level 4. HP: 33/37 MP: 4/4
  3240 | D:4      | Reached skill level 4 in Maces & Flails
  3457 | D:4      | Reached XP level 5. HP: 34/45 MP: 5/5
  3588 | D:4      | Found a sand-covered staircase.
  3595 | Ossuary  | Entered an ossuary
  3780 | Ossuary  | Reached * piety under Qazlal
  3825 | Ossuary  | Reached XP level 6. HP: 18/51 MP: 6/6
  3831 | Ossuary  | Reached skill level 5 in Maces & Flails
  4216 | D:4      | Your scales start taking on a dull iron-grey colour.
  4216 | D:4      | Reached XP level 7. HP: 16/58 MP: 7/7
  4216 | D:4      | Gained mutation: You can survive without breathing. [Grey
                  | Draconian growth]
  5500 | D:5      | Entered Level 5 of the Dungeon
  5500 | D:5      | Noticed Eustachio
  5519 | D:5      | Killed Eustachio
  5794 | D:5      | Reached skill level 6 in Maces & Flails
  5794 | D:5      | Reached skill level 5 in Throwing
  5953 | D:5      | Found a radiant altar of Vehumet.
  6196 | D:5      | Reached XP level 8. HP: 67/67 MP: 8/8
  6291 | D:5      | Found a hazy altar of Hepliaklqana.
  6322 | D:5      | Found a burning altar of Makhleb.
  6404 | D:5      | Reached ** piety under Qazlal
  6559 | D:5      | Found a shimmering blue altar of Sif Muna.
  7808 | D:6      | Reached skill level 5 in Fighting
  8038 | D:5      | Found a burning altar of Makhleb.
  8070 | D:5      | Found a hazy altar of Hepliaklqana.
  8304 | D:5      | Found a radiant altar of Vehumet.
  8616 | D:5      | Found a shimmering blue altar of Sif Muna.
  8796 | D:7      | Reached skill level 7 in Maces & Flails
  9074 | D:7      | Found a staircase to the Ecumenical Temple.
  9107 | Temple   | Entered the Ecumenical Temple
  9611 | D:7      | Found a sparkling altar of Nemelex Xobeh.
  9749 | D:7      | Reached skill level 5 in Dodging
  9884 | D:7      | Reached XP level 9. HP: 19/70 MP: 0/9
 10341 | D:7      | Found a sacrificial altar of Ru.
 10950 | D:7      | Reached skill level 8 in Maces & Flails
 11256 | D:8      | Slain by an orc warrior

Illustrated notes

Levels and vault maps discovered:
D:1:      saegor_arrival_simple_e, layout_loops_ring
D:2:      layout_rooms, nicolae_tso_carved_into_rock,
          kennysheep_okawaru_gauntlet, grunt_temple_overflow_diamond,
          minmay_misc_feat_chi, elyvilon_altar_3
D:3:      layout_basic, nicolae_overflow_crystal_walls
D:4:      layout_basic, enter_ossuary_5, minmay_misc_feat_square,
          grunt_ministairs_12, uniq_ijyb
D:5:      layout_basic, makhleb_grotto_becter, lemuel_blue_sif_altar,
          vehumet_statue, nzn_hepliaklqana_mist_gate, uniq_eustachio
D:6:      layout_basic
D:7:      layout_layer_cave, kennysheep_mini, nemelex_xobeh_ov_fountains_minmay,
          minmay_temple_entry_antechambers, minmay_quadrilaterals
D:8:      minmay_s_stair_smasher, layout_gridville, lemuel_doored_altar,
          chequers_jeans, roderic_lattice_a, fedhas_bush_and_centaur_altar
Temple:   compressed_dpeg_triangle_lava_temple

Skill      XL: |  1  2  3  4  5  6  7  8  9 |
---------------+----------------------------+-----
Throwing       | 2 3 4 5 6 7 |  7.1
Dodging        | 3 4 5 |  5.5
Fighting       | 3 4 5 6 |  6.1
Maces & Flails | 4 5 6 7 8 |  8.1

Action                   |  1- 3 |  4- 6 |  7- 9 || total
-------------------------+-------+-------+-------++-------
Melee: Flail             |   127 |    56 |   427 ||   610
       Tailslap          |    12 |     5 |    65 ||    82
Throw: Throwing net      |     1 |       |     1 ||     2
       Stone             |       |     1 |       ||     1
Invok: Upheaval          |       |       |     4 ||     4
Evoke: Lightning rod     |       |     7 |     6 ||    13
       Wand              |       |     6 |     4 ||    10
  Use: Potion            |       |       |     9 ||     9
 Stab: Sleeping          |     1 |     1 |       ||     2
       Held in net/web   |     1 |       |       ||     1
Armor: Skin              |    61 |    23 |   170 ||   254
Dodge: Dodged            |   127 |    53 |   371 ||   551
Block: Other             |       |       |    40 ||    40
